Map: Abyssal Reef LE

Players

niceUsername

  • Race: Terran Terran
  • Spawn Location: 11:00

Caliber - Winner!

  • Race: Protoss Protoss
  • Spawn Location: 5:00

Event: WCS Austin 2017

VOD

Have the link to the VOD?

Description

Time

  • Played on: April 28, 2017, 3:19 p.m.
  • Length: 8:06

All games in this series

Show
View Real Time Build Order
Export as new Build Order

niceUsername Terran 

Build Orders: MMM Bio 

Get SALT Encoding   

  12  0:01  SCV  
  13  0:13  SCV  
  14  0:18  Supply Depot  
  14  0:25  SCV  
  15  0:41  Barracks  
  15  0:46  Supply Depot, SCV  
  16  1:07  SCV  
  17  1:19  SCV  
  17  1:25  Barracks  
  18  1:28  Bunker  
  18  1:29  Marine  
  18  1:31  SCV  
  20  1:43  SCV  
  21  1:47  Marine  
  21  1:55  SCV  
  21  2:05  Marine  
  21  2:07  SCV  
  23  2:14  Marine  
  24  2:22  Orbital Command  
  24  2:23  Marine  
  25  2:31  Refinery, Marine  
  25  2:32  Refinery  
  26  2:40  Marine  
  27  2:49  Marine, SCV  
  29  2:53  Refinery  
  29  2:56  Command Center  
  29  3:02  Marine, SCV  
  31  3:10  Barracks  
  31  3:23  Supply Depot  
  31  3:26  Barracks Tech Lab  
  31  3:35  Engineering Bay  
  31  3:41  Supply Depot  
  31  3:44  Marine  
  31  3:45  SCV  
  31  3:48  Stimpack  
  33  3:52  Marine  
  34  3:57  SCV  
  34  3:59  Marine  
  34  4:02  Marine  
  37  4:08  Supply Depot  
  37  4:12  Orbital Command  
  37  4:13  Marine  
  38  4:22  Factory  
  38  4:25  Marine  
  39  4:34  Missile Turret  
  39  4:39  Missile Turret  
  39  4:41  Terran Infantry Weapons Level 1  
  39  4:47  Marine, SCV  
  39  4:49  SCV  
  42  4:56  Marine  
  42  4:58  Marine  
  42  4:59  SCV  
  45  5:01  SCV  
  45  5:05  Marine  
  47  5:11  SCV  
  46  5:15  SCV  
  46  5:21  Marine x2  
  45  5:23  SCV  
  45  5:26  Marine  
  45  5:27  SCV  
  48  5:35  SCV  
  48  5:38  Factory Reactor, Marine  
  48  5:39  Starport, Marine  
  48  5:41  SCV  
  52  5:47  SCV  
  53  5:53  Marine, SCV  
  53  5:56  Marine  
  56  5:57  Marine  
  56  5:59  Combat Shields  
  57  6:05  Missile Turret  
  57  6:06  SCV x2  
  57  6:11  Marine  
  59  6:14  Marine  
  59  6:15  Supply Depot  
  59  6:18  SCV  
  59  6:21  Marine, SCV  
  61  6:29  Marine  
  61  6:30  SCV  
  63  6:33  SCV  
  63  6:36  Refinery, Medivac x2  
  63  6:37  Widow Mine, Refinery  
  70  6:42  SCV  
  70  6:45  SCV  
  72  6:47  Supply Depot  
  72  6:52  Marine x3  
  75  6:54  SCV  
  75  6:57  SCV  
  77  7:10  Widow Mine, Marine x3  
  82  7:27  Marine  
  82  7:28  Marine x2  
Show
View Real Time Build Order
Export as new Build Order

Caliber Protoss - Winner!

Build Orders: Oracle Opening 

Get SALT Encoding   

  12  0:00  Probe (Chrono Boost)  
  13  0:11  Probe (Chrono Boost)  
  14  0:18  Pylon  
  14  0:21  Probe (Chrono Boost)  
  15  0:36  Probe (Chrono Boost)  
  15  0:37  Forge  
  16  0:47  Probe (Chrono Boost)  
  17  0:58  Probe (Chrono Boost)  
  17  1:00  Pylon  
  18  1:07  Gateway  
  18  1:11  Probe (Chrono Boost)  
  19  1:19  Photon Cannon  
  19  1:24  Probe (Chrono Boost)  
  20  1:31  Assimilator  
  20  1:35  Probe (Chrono Boost)  
  20  1:36  Assimilator  
  21  1:45  Probe (Chrono Boost)  
  22  1:56  Probe (Chrono Boost)  
  23  2:03  Cybernetics Core  
  23  2:06  Probe (Chrono Boost)  
  22  2:20  Nexus  
  22  2:27  Pylon  
  23  2:30  Probe (Chrono Boost)  
  23  2:39  Warp Gate  
  23  2:42  Stalker  
  23  2:51  Mothership Core (Chrono Boost)  
  27  2:55  Pylon  
  27  3:10  Probe (Chrono Boost)  
  28  3:17  Stargate  
  28  3:22  Probe (Chrono Boost)  
  29  3:32  Probe (Chrono Boost), Gateway  
  31  3:35  Probe (Chrono Boost)  
  31  3:43  Probe (Chrono Boost)  
  31  3:44  Adept  
  31  3:47  Probe (Chrono Boost)  
  35  3:53  Probe (Chrono Boost)  
  36  3:57  Oracle  
  39  4:06  Robotics Facility  
  39  4:14  Pylon  
  39  4:15  Photon Cannon  
  39  4:19  Probe (Chrono Boost)  
  39  4:20  Probe (Chrono Boost)  
  41  4:29  Void Ray  
  44  4:31  Probe (Chrono Boost)  
  44  4:37  Probe (Chrono Boost)  
  47  4:43  Probe (Chrono Boost)  
  47  4:45  Stalker  
  50  4:47  Adept  
  50  4:48  Probe (Chrono Boost)  
  53  4:54  Pylon  
  53  4:56  Probe (Chrono Boost)  
  53  4:59  Probe (Chrono Boost)  
  56  5:08  Probe (Chrono Boost)  
  56  5:09  Probe (Chrono Boost)  
  56  5:13  Immortal  
  57  5:20  Probe x2 (Chrono Boost)  
  63  5:32  Probe (Chrono Boost)  
  63  5:33  Assimilator  
  64  5:36  Assimilator  
  64  5:37  Pylon  
  64  5:43  Robotics Bay  
  64  5:45  Zealot x2  
  64  5:48  Probe x2 (Chrono Boost), Pylon  
  70  5:55  Immortal  
  70  6:00  Probe x2 (Chrono Boost)  
  76  6:05  Pylon  
  76  6:08  Pylon  
  76  6:09  Pylon  
  77  6:12  Probe (Chrono Boost)  
  77  6:22  Stalker x2  
  81  6:27  Pylon, Colossus  
  87  6:43  Pylon  
  87  6:46  Nexus  
  88  6:56  Probe x2 (Chrono Boost)  
  89  7:07  Pylon  
  89  7:08  Probe x2 (Chrono Boost)  
  91  7:09  Twilight Council  
  91  7:14  Pylon  
  91  7:29  Adept x2  
  101  7:33  Photon Cannon  
  101  7:36  Photon Cannon  
  98  7:45  Pylon  
  98  7:47  Pylon  
  94  7:54  Stalker  
Tags
 
Add a new tag
Caveats
  • Supply blocks, unpowered buildings, or Contaminate may cause inaccurate times.
  • Supply counts are checked every 10 seconds.